Map: Heavy Artillery LE

Players

qqq

  • Race: Zerg Zerg
  • Spawn Location: 7:00

Massa

  • Race: Terran Terran
  • Spawn Location: 7:00

Defylol

  • Race: Zerg Zerg
  • Spawn Location: 3:00

Entita

  • Race: Terran Terran
  • League: Diamond
  • Spawn Location: 1:00

VOD

Have the link to the VOD?

Description

Time

  • Played on: Oct. 1, 2020, 4:42 p.m.
  • Length: 23:01
Show
View Real Time Build Order
Export as new Build Order

qqq Zerg 

Build Orders: Pool First 

Get SALT Encoding   

  12  0:00  Drone  
  13  0:10  Drone  
  14  0:33  Spawning Pool  
  14  0:34  Drone  
  14  0:37  Overlord  
  14  0:47  Extractor, Drone  
  14  0:56  Drone  
  15  0:57  Drone  
  16  1:17  Drone  
  17  1:20  Drone  
  18  1:49  Drone x2  
  20  1:57  Spine Crawler  
  20  1:58  Spine Crawler  
  18  2:02  Spine Crawler  
  18  2:03  Spine Crawler  
  18  2:05  Spine Crawler  
  15  2:16  Spine Crawler  
  14  2:25  Zergling x6  
  17  2:40  Hatchery  
  16  2:48  Metabolic Boost  
  16  2:54  Zergling x2  
  17  3:06  Zergling x4  
  19  3:18  Lair  
  19  3:30  Overlord  
  19  3:31  Drone  
  20  3:35  Drone  
  21  3:51  Roach Warren  
  21  3:54  Drone  
  21  3:59  Drone  
  22  4:04  Drone  
  23  4:11  Drone  
  23  4:13  Drone  
  19  4:37  Glial Reconstitution  
  19  4:39  Roach x2  
  19  4:40  Drone x3  
  26  5:00  Baneling Nest  
  26  5:01  Zergling x4  
  26  5:02  Drone  
  28  5:15  Overlord x2  
  28  5:26  Hatchery  
  28  5:28  Zergling x2  
  28  5:33  Drone x2  
  30  5:36  Drone  
  31  5:56  Roach x2  
  35  6:06  Extractor, Queen  
  35  6:07  Queen  
  35  6:08  Drone x3  
  41  6:17  Drone  
  41  6:18  Hydralisk Den  
  41  6:20  Drone  
  42  6:41  Drone  
  42  6:42  Drone x3  
  42  6:43  Pneumatized Carapace  
  42  6:44  Extractor  
  42  6:46  Extractor  
  44  6:49  Spore Crawler  
  44  6:52  Spore Crawler  
  44  6:53  Spore Crawler x2  
  40  6:54  Drone  
  40  7:00  Drone  
  40  7:01  Drone  
  43  7:04  Hydralisk  
  45  7:12  Overlord  
  45  7:13  Overlord  
  45  7:26  Overlord x2  
  45  7:34  Drone x4  
  49  7:38  Spore Crawler  
  49  7:39  Spore Crawler  
  49  7:43  Drone, Spore Crawler  
  47  7:46  Drone  
  47  7:48  Drone  
  49  7:51  Drone  
  49  7:54  Drone  
  49  7:56  Drone  
  49  7:58  Drone  
  53  8:00  Drone  
  53  8:01  Drone  
  55  8:08  Spore Crawler  
  55  8:10  Spore Crawler  
  55  8:11  Drone  
  54  8:13  Drone  
  54  8:15  Drone  
  56  8:25  Queen  
  56  8:26  Drone x3  
  61  8:28  Drone  
  61  8:32  Hydralisk  
  64  8:37  Muscular Augments  
  64  8:48  Zergling x4  
  66  8:49  Overlord  
  66  8:50  Overlord  
  65  9:15  Drone x6, Lurker Den  
  65  9:16  Drone x2  
  72  9:23  Drone x2  
  74  9:24  Drone  
  74  9:26  Hydralisk, Infestation Pit  
  76  9:33  Hatchery  
  76  9:35  Hydralisk x2  
  76  9:36  Hydralisk  
  81  9:44  Overlord  
  81  9:45  Overlord x2  
  81  10:02  Hydralisk  
  81  10:03  Hydralisk x2  
  81  10:04  Hydralisk  
  81  10:06  Drone  
  90  10:07  Drone  
  88  10:22  Hydralisk x2  
  88  10:23  Hydralisk x3  
  88  10:24  Drone  
  88  10:25  Drone x2  
  88  10:27  Hatchery  
  100  10:37  Drone x2  
  102  10:45  Hydralisk x3  
  102  10:47  Zergling x4  
  111  10:50  Lurker  
  111  10:52  Overlord  
  111  11:05  Grooved Spines  
  111  11:10  Overlord x6  
  111  11:12  Drone x3  
  114  11:23  Hydralisk x2  
  114  11:24  Hatchery  
  100  11:35  Hive  
  100  11:38  Hydralisk  
  100  11:39  Hydralisk  
  104  11:40  Drone x3  
  99  11:52  Hydralisk x4  
  102  11:54  Hydralisk x5  
  102  11:55  Hydralisk  
  113  12:03  Spore Crawler  
  113  12:04  Drone  
  113  12:05  Spore Crawler  
  113  12:06  Drone  
  113  12:11  Extractor, Hydralisk  
  113  12:12  Extractor  
  113  12:14  Lurker x2  
  115  12:20  Evolution Chamber  
  115  12:21  Evolution Chamber  
  113  12:23  Drone x3  
  116  12:31  Extractor  
  116  12:33  Drone x2  
  116  12:36  Extractor  
  116  12:46  Drone x2  
  116  12:49  Hydralisk x5  
  116  12:50  Hydralisk  
  130  12:54  Viper  
  133  13:02  Hydralisk  
  135  13:11  Viper  
  129  13:25  Hydralisk  
  131  13:33  Viper  
  134  13:53  Drone x2  
  131  14:22  Spore Crawler  
  130  14:24  Drone  
  130  14:25  Drone x2, Spore Crawler  
  132  14:31  Hatchery  
  131  14:51  Hydralisk x6  
  131  14:52  Hydralisk x2  
  146  14:54  Hydralisk x7  
  103  15:36  Overlord x2  
  103  15:37  Overlord x4  
  93  15:46  Overlord  
  93  16:17  Hatchery  
  89  16:21  Lair  
  83  16:25  Hatchery  
  82  16:34  Zerg Missile Weapons Level 1  
  81  17:16  Overlord x3  
  81  17:28  Drone x3  
  82  17:32  Drone, Spore Crawler x3  
  82  17:33  Spore Crawler  
  82  17:34  Spore Crawler  
  78  17:40  Hatchery  
  71  18:18  Zergling x12  
  77  18:30  Drone  
  77  18:31  Drone  
  43  19:02  Zergling x4  
  43  19:03  Zergling x10  
  38  19:10  Zergling x2  
  38  19:12  Hatchery  
  38  19:16  Drone  
  36  19:28  Drone x2  
  38  19:45  Hatchery  
  32  19:55  Spore Crawler  
  32  19:56  Spore Crawler  
  32  19:57  Spore Crawler  
  32  19:58  Spore Crawler  
  32  19:59  Drone x3, Spore Crawler  
  30  20:00  Drone x3  
  33  20:21  Spire  
  32  20:24  Infestation Pit  
  32  20:25  Hive  
  31  20:30  Drone x2  
  33  20:41  Hydralisk Den  
  32  20:47  Drone x2  
  31  20:54  Zergling x2  
  31  20:55  Zergling x10  
  37  21:09  Zergling x2  
  38  21:18  Spire  
  37  21:21  Zergling x6  
  37  21:23  Drone x3  
  43  21:29  Zergling x2  
  44  21:46  Drone x2, Lurker Den  
  45  21:48  Viper x2  
  51  22:01  Drone x3  
  53  22:06  Hatchery  
  51  22:35  Overlord x5  
Show
View Real Time Build Order
Export as new Build Order

Massa Terran 

Build Orders: Reaper Expand 

Get SALT Encoding   

  12  0:01  SCV  
  13  0:13  SCV  
  14  0:26  SCV, Supply Depot  
  15  0:36  Refinery  
  15  0:48  SCV  
  15  0:49  Barracks  
  16  1:00  SCV  
  17  1:12  SCV  
  18  1:23  Refinery  
  18  1:24  SCV  
  19  1:37  Orbital Command  
  19  1:38  Reaper  
  20  1:51  Command Center  
  20  2:09  SCV, Factory  
  21  2:21  SCV  
  22  2:24  Marine  
  23  2:40  Supply Depot  
  23  2:45  Engineering Bay  
  23  3:02  SCV  
  23  3:19  Widow Mine, Marine  
  26  3:24  Supply Depot  
  26  3:27  Orbital Command  
  26  3:29  SCV  
  27  3:35  Command Center  
  27  3:37  Marine  
  27  3:38  Missile Turret  
  27  3:40  Hellion  
  30  3:41  SCV  
  31  3:56  SCV x2  
  31  4:02  Factory Tech Lab  
  33  4:03  Marine  
  33  4:05  Starport  
  33  4:08  SCV x2  
  36  4:10  Missile Turret  
  36  4:21  Barracks, Marine  
  37  4:25  Barracks  
  37  4:31  Siege Tank  
  40  4:33  SCV x2  
  42  4:39  Marine  
  42  4:45  SCV x2, Supply Depot  
  45  4:51  Orbital Command, Supply Depot  
  45  4:57  SCV x2, Marine  
  48  5:03  Widow Mine  
  50  5:10  Armory  
  50  5:22  Medivac  
  52  5:33  Barracks Reactor, Barracks Tech Lab  
  52  5:34  Marine, Engineering Bay  
  53  5:44  Hellion  
  53  5:48  Terran Infantry Weapons Level 1  
  53  5:49  SCV x3  
  56  5:52  Marine  
  57  6:01  SCV x3, Missile Turret  
  60  6:04  Missile Turret  
  60  6:08  Missile Turret  
  60  6:09  Terran Infantry Armor Level 1  
  60  6:13  SCV  
  60  6:14  Missile Turret  
  60  6:16  Missile Turret  
  61  6:20  Missile Turret  
  61  6:22  Refinery  
  61  6:25  Refinery, Missile Turret  
  61  6:33  Barracks Reactor  
  61  6:34  Stimpack  
  61  6:37  Marauder, Marine x2  
  65  6:45  Drilling Claws  
  65  6:52  Missile Turret  
  65  6:55  Marine x2  
  65  6:59  Marauder  
  65  7:00  Starport Reactor  
  69  7:09  SCV  
  69  7:10  SCV  
  69  7:13  Marine  
  72  7:16  Orbital Command  
  72  7:21  SCV  
  72  7:22  SCV  
  74  7:33  Marauder  
  74  7:34  SCV x2, Marine x3  
  81  7:38  Missile Turret  
  81  7:43  Missile Turret, Terran Vehicle Weapons Level 1  
  81  7:44  Terran Infantry Weapons Level 2, Missile Turret  
  81  7:48  SCV x3  
  84  8:00  SCV  
  84  8:01  Missile Turret  
  84  8:03  Supply Depot  
  84  8:05  Missile Turret, Supply Depot x2  
  85  8:07  Missile Turret  
  85  8:09  Supply Depot  
  85  8:11  Supply Depot  
  85  8:12  Terran Infantry Armor Level 2  
  85  8:24  Missile Turret  
  85  8:25  SCV x3, Marauder, Siege Tank  
  93  8:34  Marine  
  93  8:35  Marine x3  
  93  8:37  SCV x3  
  99  8:47  Marauder  
  97  8:52  Marine  
  97  8:53  Marine x3  
  100  9:06  Medivac x2  
  100  9:08  Marauder  
  106  9:10  Marine  
  106  9:11  Marine x3  
  106  9:12  Missile Turret  
  106  9:14  Command Center  
  110  9:20  Missile Turret  
  110  9:21  Missile Turret  
  110  9:23  Missile Turret  
  110  9:28  Marine x4  
  110  9:29  Marauder, Combat Shield  
  116  9:36  Medivac x2  
  116  9:37  Barracks  
  116  9:38  Barracks x2  
  120  9:40  Barracks  
  120  9:41  Barracks, Terran Vehicle And Ship Armor Level 1  
  120  9:46  Marine  
  120  9:51  Marauder  
  120  9:52  Sensor Tower  
  123  10:09  Sensor Tower  
  123  10:12  Marauder  
  125  10:19  Supply Depot  
  125  10:21  Supply Depot  
  125  10:25  Marine, Thor, Supply Depot  
  125  10:26  SCV  
  133  10:29  Missile Turret  
  133  10:34  Marauder  
  135  10:43  Supply Depot  
  135  10:47  SCV x3, Concussive Shells  
  135  10:48  Missile Turret  
  135  10:49  Missile Turret  
  138  10:50  Missile Turret  
  138  10:56  Planetary Fortress  
  138  10:58  Terran Infantry Armor Level 3  
  138  10:59  SCV  
  139  11:07  Marauder, Marine x4  
  139  11:08  Thor  
  139  11:10  Missile Turret x2  
  151  11:13  Barracks Reactor x3, Missile Turret  
  151  11:14  Barracks Tech Lab x2  
  151  11:25  Marine  
  152  11:29  Marauder  
  152  11:32  Missile Turret  
  152  11:35  Missile Turret  
  141  11:50  Marauder  
  139  12:00  Marine x5  
  139  12:01  Marine x7  
  142  12:04  Viking x2  
  146  12:11  Marauder  
  148  12:18  Marine x10  
  158  12:23  SCV x2  
  158  12:24  SCV x2  
  162  12:32  Smart Servos  
  162  12:34  Viking x2  
  162  12:35  SCV  
  162  12:36  Terran Infantry Weapons Level 3  
  167  12:47  Command Center  
  167  12:54  Missile Turret  
  167  12:58  Sensor Tower  
  167  13:04  Viking x2  
  168  13:33  Viking  
  163  13:55  Command Center  
  163  14:02  SCV x3  
  160  14:10  Marauder x3, Marine x2  
  160  14:11  Marine x8  
  160  14:14  SCV  
  172  14:41  Marine x4  
  172  14:42  SCV x3, Marauder x3, Marine x5  
  172  14:43  Marine  
  152  14:54  SCV x3  
  152  14:57  Thor  
  152  14:59  Marine x6  
  163  15:00  Marine x3, Planetary Fortress  
  163  15:01  Marine  
  163  15:03  Marauder  
  163  15:06  SCV x3  
  172  15:07  Marauder x2  
  171  15:25  Marauder  
  172  15:28  Marauder x2  
  172  15:30  Marine x2  
  172  15:31  Marine x4  
  172  15:32  Marine  
  176  15:40  Thor  
  182  15:46  Marauder  
  186  15:50  Marauder, Planetary Fortress  
  186  15:59  Supply Depot  
  186  16:00  Supply Depot  
  186  16:01  Supply Depot x4  
  186  16:20  Refinery, Viking x2  
  186  16:21  Marauder x2  
  186  16:22  Marauder  
  186  16:23  Supply Depot  
  186  16:25  Supply Depot  
  196  16:30  Terran Vehicle And Ship Armor Level 2  
  196  16:34  Armory  
  196  16:35  Hi-Sec Auto Tracking, Neosteel Armor  
  196  16:42  Marauder x2  
  196  16:45  Refinery  
  200  16:52  Missile Turret  
  200  16:54  Missile Turret  
  200  16:55  Missile Turret  
  200  16:56  Missile Turret  
  200  16:57  Missile Turret  
  200  17:14  Missile Turret  
  200  17:15  Missile Turret  
  200  17:18  Missile Turret  
  200  17:19  Missile Turret  
  169  17:42  Marauder x2, Marine x10  
  170  17:53  Viking x2  
  143  17:59  Marine  
  143  18:00  Marine x5  
  112  18:23  Viking x2  
  115  18:31  Missile Turret  
  99  18:34  Missile Turret x2  
  99  18:35  Missile Turret  
  99  18:36  Missile Turret  
  99  18:37  Missile Turret  
  99  18:50  Missile Turret  
  99  18:52  Command Center  
  99  18:53  Viking x2  
  102  18:55  Missile Turret  
  102  18:59  Missile Turret  
  87  19:11  Missile Turret  
  86  19:18  Missile Turret  
  86  19:21  Missile Turret x3  
  86  19:22  Missile Turret x2  
  86  19:23  Viking x2  
  90  19:28  Factory  
  90  19:32  Missile Turret  
  90  19:33  Factory  
  90  19:35  Refinery  
  90  19:38  Refinery  
  90  19:39  Missile Turret  
  90  19:41  Thor  
  96  19:51  Missile Turret  
  96  19:57  SCV x4  
  100  20:09  SCV x3  
  100  20:12  Missile Turret  
  103  20:14  Factory  
  102  20:21  Factory  
  102  20:22  Factory Tech Lab  
  96  20:30  Factory Tech Lab  
  74  20:49  Thor  
  76  20:58  Command Center  
  73  21:29  Marauder x3, Marine x6  
  73  21:30  Marine x2  
  93  21:33  Factory Tech Lab  
  93  21:35  Factory Tech Lab  
  93  21:44  Missile Turret  
  93  21:47  Marine x8  
  93  21:50  Marauder  
  93  21:51  Marauder x2  
  107  22:04  Marine  
  107  22:05  Marine x3  
  113  22:08  Marine  
  113  22:09  Marine  
  113  22:11  Marauder, Marine  
  113  22:12  Marauder  
  109  22:22  Marine  
  106  22:23  Marine  
  106  22:26  Marine  
  106  22:27  Marine  
  82  22:37  Missile Turret  
  82  22:39  Missile Turret  
  65  22:57  Factory Reactor  
Show
View Real Time Build Order
Export as new Build Order

Defylol Zerg 

Build Orders: Hatch First 

Get SALT Encoding   

  12  0:02  Drone  
  13  0:09  Drone  
  14  0:32  Overlord  
  14  0:44  Hatchery  
  14  0:47  Drone  
  14  0:58  Drone x2  
  14  0:59  Drone  
  17  1:09  Drone  
  18  1:26  Spawning Pool  
  18  1:30  Drone  
  18  1:31  Drone  
  19  1:37  Extractor  
  18  1:45  Drone  
  19  2:13  Zergling x4  
  19  2:14  Zergling x4  
  23  2:34  Zergling x2  
  24  2:43  Zergling x4  
  24  2:44  Zergling x6  
  26  2:51  Drone  
  27  3:18  Overlord  
  27  3:24  Extractor  
  26  3:28  Overlord  
  26  3:32  Drone  
  27  3:38  Hatchery  
  27  3:39  Spore Crawler  
  27  3:40  Drone x5  
  30  3:48  Drone  
  31  3:52  Metabolic Boost  
  31  3:57  Drone  
  32  4:03  Overlord  
  32  4:14  Drone  
  32  4:15  Drone x2  
  35  4:36  Zergling x2  
  35  4:37  Zergling x6  
  35  4:38  Drone  
  40  4:46  Lair  
  40  4:48  Queen  
  41  5:09  Overlord  
  41  5:10  Drone x2  
  41  5:11  Drone x5  
  48  5:23  Overlord  
  48  5:38  Spore Crawler  
  48  5:42  Drone  
  48  5:43  Drone x2, Extractor  
  48  5:47  Overseer  
  49  5:54  Spire  
  48  5:57  Drone  
  48  5:58  Overlord x3  
  48  5:59  Drone  
  48  6:00  Drone x2  
  52  6:06  Drone  
  52  6:10  Drone x2  
  54  6:32  Evolution Chamber  
  53  6:39  Evolution Chamber  
  52  6:41  Overlord  
  52  6:42  Drone x5  
  52  6:43  Drone x2  
  52  6:45  Extractor  
  58  6:50  Drone  
  59  7:02  Hydralisk Den  
  59  7:03  Extractor  
  59  7:07  Extractor  
  56  7:20  Mutalisk  
  56  7:21  Mutalisk x3  
  64  7:23  Corruptor  
  66  7:31  Drone, Overlord  
  66  7:33  Corruptor  
  66  7:37  Zergling x8  
  70  7:39  Hatchery  
  70  7:42  Zerg Melee Weapons Level 1  
  72  7:48  Zerg Flyer Weapons Level 1  
  72  7:49  Hatchery  
  71  7:57  Drone  
  71  7:58  Drone x2  
  73  8:00  Mutalisk  
  73  8:01  Drone  
  73  8:02  Drone  
  78  8:27  Mutalisk x5  
  78  8:33  Overlord  
  88  8:34  Drone x3  
  70  9:08  Mutalisk x2  
  70  9:09  Mutalisk x4  
  78  9:10  Mutalisk  
  78  9:12  Zergling x8  
  78  9:13  Zergling x4  
  90  9:17  Zerg Missile Weapons Level 1  
  90  9:20  Drone  
  90  9:21  Drone x2  
  93  9:29  Overlord  
  93  9:30  Drone x2  
  95  9:32  Drone x2  
  95  9:36  Mutalisk x3  
  95  9:37  Extractor  
  102  9:41  Extractor  
  102  9:44  Overlord x3  
  101  9:45  Drone  
  101  9:46  Drone  
  101  9:49  Extractor  
  101  9:51  Overseer  
  102  10:06  Drone  
  103  10:18  Drone  
  102  10:26  Mutalisk  
  102  10:27  Mutalisk x6  
  102  10:28  Mutalisk x2  
  118  10:34  Mutalisk  
  122  10:37  Overlord x3  
  122  10:38  Drone x3  
  122  10:39  Drone  
  122  10:40  Drone x2  
  122  10:41  Drone  
  129  10:59  Zerg Flyer Weapons Level 2  
  129  11:03  Zerg Ground Armor Level 1  
  129  11:11  Mutalisk x3, Zerg Melee Weapons Level 2  
  99  11:59  Drone, Corruptor  
  99  12:00  Drone x3  
  97  12:02  Hydralisk x7  
  97  12:03  Hydralisk x2  
  115  12:13  Lurker Den  
  114  12:17  Spine Crawler  
  114  12:18  Drone x4  
  114  12:19  Drone x2  
  114  12:21  Extractor  
  118  12:27  Hydralisk x3  
  118  12:28  Hydralisk x2  
  128  12:32  Overseer  
  128  12:34  Overlord  
  128  12:35  Overlord x4  
  128  12:40  Spore Crawler  
  127  12:47  Overlord x2  
  127  12:49  Mutalisk x3  
  133  12:57  Zerg Missile Weapons Level 2  
  133  12:58  Drone  
  133  12:59  Drone  
  135  13:07  Drone  
  135  13:08  Infestation Pit  
  135  13:09  Drone x2  
  137  13:15  Zerg Flyer Armor Level 1  
  137  13:17  Mutalisk x2  
  137  13:18  Mutalisk x4  
  137  13:19  Mutalisk x4  
  157  13:28  Mutalisk x3  
  163  13:36  Mutalisk x4, Spine Crawler  
  163  13:37  Drone  
  171  13:45  Swarm Host  
  174  13:56  Mutalisk x3  
  174  13:57  Mutalisk  
  170  14:11  Mutalisk x2  
  170  14:12  Mutalisk x2  
  136  14:25  Hydralisk x4  
  136  14:26  Hydralisk x4  
  136  14:27  Hydralisk  
  154  14:33  Lurker  
  130  15:12  Mutalisk  
  130  15:13  Mutalisk x6  
  130  15:14  Mutalisk x4  
  114  15:15  Mutalisk  
  121  15:21  Hydralisk x3  
  128  15:35  Lurker  
  128  15:36  Lurker x2  
  128  15:38  Mutalisk  
  132  15:46  Lurker x2  
  134  15:56  Drone  
  135  16:12  Hydralisk x2  
  135  16:13  Hydralisk x5  
  135  16:14  Hydralisk x6  
  161  16:24  Hive  
  161  16:25  Zerg Ground Armor Level 2  
  161  16:44  Corruptor  
  161  16:45  Corruptor x4  
  171  16:47  Drone x3  
  174  16:55  Zerg Flyer Armor Level 2  
  164  17:43  Hydralisk  
  164  17:44  Mutalisk x2  
  164  17:45  Mutalisk x6  
  164  17:46  Mutalisk x5  
  160  18:35  Mutalisk x4  
  160  18:36  Mutalisk x6  
  160  18:37  Mutalisk  
  164  19:04  Hydralisk x6  
  164  19:05  Hydralisk x2  
  164  19:06  Mutalisk  
  142  19:16  Hydralisk x2  
  142  19:17  Hydralisk  
  140  19:37  Drone, Ultralisk Cavern  
  140  19:38  Drone  
  141  19:39  Drone  
  141  19:41  Mutalisk  
  141  19:42  Mutalisk  
  141  19:45  Zergling x8  
  149  19:46  Zergling x4  
  152  19:56  Hatchery  
  151  20:06  Mutalisk x2  
  151  20:07  Mutalisk  
  151  20:11  Swarm Host  
  160  20:14  Zergling x10  
  160  20:15  Zergling x6  
  167  20:25  Extractor  
  167  20:27  Ultralisk  
  172  20:30  Extractor  
  127  21:34  Mutalisk  
  127  21:35  Mutalisk x4  
  127  21:36  Mutalisk x3  
  127  21:38  Zergling x2  
  127  21:39  Zergling x4  
  146  21:40  Zergling x8  
  150  21:54  Overlord  
  150  22:02  Swarm Host x3  
  159  22:30  Swarm Host x2  
  159  22:31  Swarm Host  
Show
View Real Time Build Order
Export as new Build Order

Entita Terran 

Build Orders:  

Get SALT Encoding   

  12  0:00  SCV  
  13  0:12  SCV  
  14  0:17  Supply Depot  
  14  0:24  SCV  
  15  0:39  SCV  
  15  0:40  Barracks  
  16  0:43  Refinery  
  16  0:51  SCV  
  17  1:03  SCV  
  18  1:15  SCV  
  19  1:29  SCV  
  20  1:36  Reaper  
  21  1:41  Orbital Command  
  21  1:53  Command Center  
  21  1:59  Bunker  
  21  2:08  Marine  
  21  2:10  Barracks  
  22  2:18  Supply Depot  
  22  2:26  Marine  
  23  2:39  SCV, Supply Depot  
  24  2:51  SCV  
  24  2:56  Refinery  
  24  2:57  Factory  
  25  2:59  Barracks Tech Lab  
  25  3:03  Barracks Reactor  
  25  3:04  SCV  
  26  3:16  Orbital Command  
  26  3:19  Combat Shield  
  26  3:25  SCV  
  27  3:27  Marine  
  28  3:37  SCV  
  28  3:39  Refinery  
  28  3:41  Marine x2  
  30  3:42  Factory Tech Lab  
  30  3:45  Marine  
  30  3:48  SCV  
  33  3:49  Starport, SCV  
  34  3:59  Marine x2  
  34  4:00  SCV  
  34  4:01  SCV  
  38  4:05  Marine  
  38  4:06  Siege Tank  
  42  4:16  Marine x2  
  43  4:22  SCV  
  43  4:23  SCV, Marine  
  47  4:26  Refinery  
  42  4:34  SCV, Marine  
  42  4:35  SCV  
  45  4:39  Siege Tank  
  48  4:45  Marine  
  48  4:46  Marine  
  48  4:47  SCV x2  
  48  4:48  Stimpack  
  48  4:52  Marine  
  53  4:56  Supply Depot x2  
  53  4:59  SCV  
  54  5:01  Fusion Core  
  54  5:06  Starport Tech Lab  
  54  5:17  Marine x3, Engineering Bay  
  54  5:18  SCV x2  
  54  5:21  Siege Tank  
  62  5:30  SCV x2  
  64  5:35  Marine x3  
  64  5:36  Supply Depot  
  67  5:45  Command Center  
  67  5:47  SCV x2  
  69  5:53  Marine  
  69  5:56  Missile Turret  
  70  5:58  Missile Turret  
  70  5:59  SCV  
  70  6:00  SCV  
  72  6:05  Marine x2  
  72  6:10  Siege Tank  
  78  6:11  SCV  
  78  6:16  Supply Depot  
  78  6:21  Supply Depot  
  78  6:24  Supply Depot  
  78  6:27  Supply Depot  
  78  6:31  Starport  
  78  6:37  Marine  
  78  6:38  SCV x2  
  81  6:43  Battlecruiser  
  87  6:50  SCV x2  
  89  6:56  Siege Tank  
  92  7:16  Starport Tech Lab  
  92  7:21  Armory  
  92  7:23  Armory  
  92  7:27  Starport  
  92  7:30  Starport  
  92  7:32  Supply Depot x2  
  92  7:33  SCV x2, Marine x2, Supply Depot  
  92  7:34  Marine  
  97  7:39  Planetary Fortress  
  97  7:45  SCV x2  
  99  7:51  Marine x2  
  99  7:52  Neosteel Armor  
  99  7:56  Widow Mine  
  103  8:01  SCV x2  
  103  8:04  Refinery  
  105  8:07  Refinery  
  105  8:08  Missile Turret  
  105  8:10  Starport Tech Lab x2  
  105  8:13  SCV x2  
  105  8:14  Weapon Refit  
  105  8:16  Terran Vehicle And Ship Armor Level 1, Terran Ship Weapons Level 1  
  105  8:17  Widow Mine  
  109  8:25  SCV x2  
  111  8:40  Missile Turret  
  111  8:41  Missile Turret  
  111  8:43  Battlecruiser  
  117  8:49  Widow Mine  
  119  9:01  Battlecruiser  
  125  9:11  Widow Mine  
  125  9:15  Supply Depot x2  
  127  9:17  Supply Depot x2  
  127  9:20  Missile Turret  
  127  9:23  Missile Turret  
  127  9:24  Missile Turret  
  127  9:25  Missile Turret  
  127  9:28  Missile Turret  
  127  9:30  Sensor Tower  
  127  9:33  Hi-Sec Auto Tracking, Command Center  
  127  9:34  Missile Turret  
  127  9:39  Widow Mine  
  129  9:46  Starport  
  129  9:47  Missile Turret  
  129  9:49  Missile Turret  
  128  10:01  Widow Mine  
  130  10:10  Battlecruiser x2  
  142  10:26  Widow Mine, Battlecruiser  
  150  10:33  Starport Tech Lab  
  150  10:35  Terran Vehicle And Ship Armor Level 2  
  150  10:36  Terran Ship Weapons Level 2  
  150  10:42  Supply Depot  
  150  10:43  Supply Depot  
  150  10:47  Widow Mine  
  150  10:49  Supply Depot  
  152  10:58  Battlecruiser  
  158  11:08  Widow Mine  
  156  12:05  Battlecruiser x3  
  180  12:08  Battlecruiser  
  180  12:38  Battlecruiser, Supply Depot  
  186  13:09  Battlecruiser  
  192  13:26  Battlecruiser  
  198  13:32  Terran Vehicle And Ship Armor Level 3  
  192  14:00  Planetary Fortress  
  192  14:17  Widow Mine  
  194  14:25  Refinery, Terran Ship Weapons Level 3  
  194  14:26  Refinery  
  194  14:39  Widow Mine  
  184  15:23  Battlecruiser x2  
  195  16:31  Missile Turret  
  193  16:35  Battlecruiser  
  199  16:42  Missile Turret  
  199  16:45  Missile Turret  
  199  16:48  Missile Turret  
  199  16:51  Missile Turret  
  199  16:52  Missile Turret  
  199  16:54  Missile Turret  
  199  16:56  Missile Turret x2  
  174  18:41  Battlecruiser x3  
  168  19:00  Widow Mine  
  170  19:21  Widow Mine  
  172  19:53  Command Center  
  172  20:11  Battlecruiser x3  
  190  20:54  Refinery  
  190  20:57  Refinery  
  190  21:06  Planetary Fortress  
  190  21:23  Battlecruiser  
Tags
 
Add a new tag
Caveats
  • Supply blocks, unpowered buildings, or Contaminate may cause inaccurate times.
  • Supply counts are checked every 10 seconds.